NWL (28 & UNDER)
BALZAC RAMS @ CULVER CITY EXTRAS
06/26/2029
 
TOP OF THE 1ST
Balzac Rams batting - Pitching for Culver City Extras : RHP Robinson Flores
Pitching: RHP Robinson Flores
Batting: RHB Gunner Allen 0-0: Ball
1-0: Called Strike
1-1: Ball
2-1: Swinging Strike
2-2: Foul Ball, location: 2F
2-2: Foul Ball, location: 2F
2-2: Foul Ball, location: 2F
2-2: Ball
3-2: Foul Ball, location: 2F
3-2: SINGLE (Flyball, 8LS)
Batting: LHB Troy Jackson 0-0: Foul Ball, location: 2F
0-1: Called Strike
Gunner Allen steals 2nd base
0-2: Ball
1-2: Ball
2-2: Strikes out swinging
Batting: RHB Santiago Rivera 0-0: Ground out 1-3 (Groundball, P)
Gunner Allen to third
Batting: RHB Ken Longoria 0-0: Called Strike
0-1: Ball
1-1: Called Strike
1-2: Strikes out swinging
Top of the 1st over - 0 runs, 1 hit, 0 errors, 1 left on base; Balzac 0 - Culver City 0
BOTTOM OF THE 1ST
Culver City Extras batting - Pitching for Balzac Rams : RHP Tim Osborne
Pitching: RHP Tim Osborne
Batting: RHB Jamie Swyers 0-0: Ball
1-0: Called Strike
1-1: Ball
2-1: Ball
3-1: Ground out 4-3 (Groundball, 4)
Batting: RHB Marcos Lińares 0-0: Swinging Strike
0-1: Ball
1-1: Ball
2-1: Swinging Strike
2-2: Strikes out swinging
Batting: LHB Jorge Martínez 0-0: Called Strike
0-1: Ball
1-1: Ball
2-1: Fly out, F9 (Flyball, 9D)
Bottom of the 1st over - 0 runs, 0 hits, 0 errors, 0 left on base; Balzac 0 - Culver City 0
TOP OF THE 2ND
Balzac Rams batting - Pitching for Culver City Extras : RHP Robinson Flores
Batting: RHB Tommy Wilson 0-0: Called Strike
0-1: Swinging Strike
0-2: Ball
1-2: Ball
2-2: SINGLE (Groundball, 6MD)
Batting: SHB Emílio Calvillo 0-0: Ball
1-0: Foul Ball, location: 2F
1-1: Called Strike
1-2: Ball
Balk!
Tommy Wilson to second
2-2: Ball
3-2: Strikes out looking
Batting: RHB Jason Ward 0-0: Ball
1-0: Swinging Strike
1-1: Ball
2-1: Ground out 6-3 (Groundball, 6)
Batting: RHB Lorenzo Silva 0-0: Ball
1-0: Ball
2-0: Called Strike
2-1: Fly out, F9 (Line Drive, 9LM)
Top of the 2nd over - 0 runs, 1 hit, 0 errors, 1 left on base; Balzac 0 - Culver City 0
BOTTOM OF THE 2ND
Culver City Extras batting - Pitching for Balzac Rams : RHP Tim Osborne
Batting: LHB Buddy Rice 0-0: Swinging Strike
0-1: Swinging Strike
0-2: Strikes out swinging
Batting: SHB Joey Boyd 0-0: Swinging Strike
0-1: Ball
1-1: Ball
2-1: SINGLE (Groundball, 34D)
Batting: RHB Dave Anderson 0-0: SINGLE (Groundball, 56S) (infield hit)
Joey Boyd to second
Batting: RHB Clarence Harrison 0-0: 3-RUN HOME RUN (Flyball, 9LD), Distance : 346 ft
Batting: RHB Jason McIntosh 0-0: Ball
1-0: Fly out, F9 (Flyball, 9LM)
Batting: RHB Robert Koremans 0-0: Ball
1-0: Ball
2-0: SINGLE (Flyball, 9LM)
Batting: RHB Jamie Swyers 0-0: Called Strike
Robert Koremans steals 2nd base
0-1: Foul Ball, location: 2F
0-2: TRIPLE (Line Drive, 78XD)
Robert Koremans scores
Batting: RHB Marcos Lińares 0-0: Ball
1-0: Fly out, F9 (Line Drive, 9)
Bottom of the 2nd over - 4 runs, 5 hits, 0 errors, 1 left on base; Balzac 0 - Culver City 4
TOP OF THE 3RD
Balzac Rams batting - Pitching for Culver City Extras : RHP Robinson Flores
Batting: RHB Ricardo Muńóz 0-0: Ball
1-0: Ball
2-0: Ball
3-0: Base on Balls
Batting: RHB Gunner Allen 0-0: Called Strike
0-1: Ball
1-1: Ball
2-1: Called Strike
2-2: Ball
3-2: SINGLE (Line Drive, 4M)
Ricardo Muńóz to second
Ricardo Muńóz to third
Batting: LHB Troy Jackson 0-0: Ball
1-0: Foul Ball, location: 2F
1-1: Swinging Strike
1-2: Ball
Gunner Allen is caught stealing 2nd base
2-2: Strikes out swinging
Batting: RHB Santiago Rivera 0-0: Called Strike
0-1: Foul Ball, location: 2F
0-2: SINGLE (Groundball, 56) (infield hit)
Ricardo Muńóz scores
Batting: RHB Ken Longoria 0-0: Ball
1-0: Ball
2-0: Called Strike
2-1: Foul Ball, location: 2F
2-2: Ball
3-2: Strikes out looking
Top of the 3rd over - 1 run, 2 hits, 0 errors, 1 left on base; Balzac 1 - Culver City 4
BOTTOM OF THE 3RD
Culver City Extras batting - Pitching for Balzac Rams : RHP Tim Osborne
Batting: LHB Jorge Martínez 0-0: Ball
1-0: SINGLE (Line Drive, 8RS)
Batting: LHB Buddy Rice 0-0: Called Strike
0-1: Ball
Pickoff Throw to First - Out!
1-1: Ball
2-1: Fly out, F6 (Popup, 6D)
Batting: SHB Joey Boyd 0-0: Called Strike
0-1: SOLO HOME RUN (Flyball, 9D), Distance : 405 ft
Batting: RHB Dave Anderson 0-0: Called Strike
0-1: Ball
1-1: Swinging Strike
1-2: Ball
2-2: Foul Ball, location: 2F
2-2: Foul Ball, location: 2F
2-2: Ball
3-2: SINGLE (Flyball, 8RS)
Batting: RHB Clarence Harrison 0-0: Ball
1-0: Ball
2-0: Single, Error in OF, E7, batter to second base
Dave Anderson to third
Batting: RHB Jason McIntosh 0-0: Ball
1-0: Ball
2-0: Called Strike
2-1: Called Strike
2-2: Foul Ball, location: 2F
2-2: Ground out 6-3 (Groundball, 6)
Bottom of the 3rd over - 1 run, 4 hits, 1 error, 2 left on base; Balzac 1 - Culver City 5
TOP OF THE 4TH
Balzac Rams batting - Pitching for Culver City Extras : RHP Robinson Flores
Batting: RHB Tommy Wilson 0-0: Called Strike
0-1: Swinging Strike
0-2: Strikes out swinging
Batting: SHB Emílio Calvillo 0-0: Called Strike
0-1: Called Strike
0-2: Ball
1-2: Ball
2-2: Strikes out swinging
Batting: RHB Jason Ward 0-0: Ball
1-0: Ball
2-0: Ball
3-0: Called Strike
3-1: DOUBLE (Line Drive, 78D)
Batting: RHB Lorenzo Silva 0-0: SINGLE (Groundball, 15S) (infield hit)
Jason Ward to third
Batting: RHB Ricardo Muńóz 0-0: Ball
1-0: Ball
2-0: Fly out, F6 (Popup, 6S)
Top of the 4th over - 0 runs, 2 hits, 0 errors, 2 left on base; Balzac 1 - Culver City 5
BOTTOM OF THE 4TH
Culver City Extras batting - Pitching for Balzac Rams : RHP Tim Osborne
Batting: RHB Robert Koremans 0-0: Ground out 1-3 (Groundball, P)
Batting: RHB Jamie Swyers 0-0: Swinging Strike
0-1: DOUBLE (Line Drive, 7LM)
Batting: RHB Marcos Lińares 0-0: Called Strike
0-1: Ball
Wild Pitch!
Jamie Swyers to third
1-1: Ground out 4-3 (Groundball, 4)
Jamie Swyers scores
Batting: LHB Jorge Martínez 0-0: Foul Ball, location: 2F
0-1: Ground out 4-3 (Groundball, 4M)
Bottom of the 4th over - 1 run, 1 hit, 0 errors, 0 left on base; Balzac 1 - Culver City 6
TOP OF THE 5TH
Balzac Rams batting - Pitching for Culver City Extras : RHP Robinson Flores
Batting: RHB Gunner Allen 0-0: Fly out, F8 (Flyball, 8LD)
Batting: LHB Troy Jackson 0-0: Ball
1-0: Foul Ball, location: 2F
1-1: Ball
2-1: Fly out, F6 (Line Drive, 56)
Batting: RHB Santiago Rivera 0-0: Foul Ball, location: 2F
0-1: SINGLE (Groundball, 13S) (infield hit)
Batting: RHB Ken Longoria 0-0: 2-RUN HOME RUN (Flyball, 9D), Distance : 406 ft
Batting: RHB Tommy Wilson 0-0: Ball
1-0: Called Strike
1-1: Ball
2-1: Fly out, F8 (Flyball, 8RD)
Top of the 5th over - 2 runs, 2 hits, 0 errors, 0 left on base; Balzac 3 - Culver City 6
BOTTOM OF THE 5TH
Culver City Extras batting - Pitching for Balzac Rams : RHP Tim Osborne
Pitching: LHP Edwin Parker
Batting: LHB Buddy Rice 0-0: Ball
1-0: Ball
2-0: Ball
3-0: Ground out 4-3 (Groundball, 4)
Batting: SHB Joey Boyd 0-0: Ball
1-0: Ball
2-0: Ball
3-0: Called Strike
3-1: Called Strike
3-2: Base on Balls
Batting: RHB Dave Anderson 0-0: Ball
1-0: Ball
2-0: Ball
3-0: Base on Balls
Joey Boyd to second
Batting: RHB Clarence Harrison 0-0: Ball
1-0: Grounds into double play, 4-6-3 (Groundball, 4)
Bottom of the 5th over - 0 runs, 0 hits, 0 errors, 1 left on base; Balzac 3 - Culver City 6
TOP OF THE 6TH
Balzac Rams batting - Pitching for Culver City Extras : RHP Robinson Flores
Batting: SHB Emílio Calvillo 0-0: Ball
1-0: Foul Ball, location: 2F
1-1: Ball
2-1: Ball
3-1: Bunted foul
3-2: Foul Ball, location: 2F
3-2: Fly out, F9 (Flyball, 89D)
Batting: RHB Jason Ward 0-0: Called Strike
0-1: Ball
1-1: Ball
2-1: Called Strike
2-2: Foul Ball, location: 2F
2-2: Ground out 6-3 (Groundball, 6M)
Batting: RHB Lorenzo Silva 0-0: SINGLE (Groundball, 56D)
Pitching: LHP Marcos Ortíz
Batting: RHB Ricardo Muńóz 0-0: Ground out 5-3 (Groundball, 56S)
Top of the 6th over - 0 runs, 1 hit, 0 errors, 1 left on base; Balzac 3 - Culver City 6
BOTTOM OF THE 6TH
Culver City Extras batting - Pitching for Balzac Rams : LHP Edwin Parker
Batting: RHB Jason McIntosh 0-0: Called Strike
0-1: Foul Ball, location: 2F
0-2: Ground out 6-3 (Groundball, 6M)
Batting: RHB Robert Koremans 0-0: Called Strike
0-1: Ball
1-1: Foul Ball, location: 2F
1-2: Fly out, F7 (Flyball, 7)
Batting: RHB Jamie Swyers 0-0: Foul Ball, location: 2F
0-1: Ball
1-1: Called Strike
1-2: SINGLE (Flyball, 89M)
Batting: RHB Marcos Lińares 0-0: Ball
Jamie Swyers steals 2nd base
1-0: Called Strike
1-1: Foul Ball, location: 2F
1-2: Ball
2-2: SINGLE (Flyball, 89M)
Jamie Swyers to third
Runner from 3rd tries for Home, throw and OUT!
Bottom of the 6th over - 0 runs, 2 hits, 0 errors, 1 left on base; Balzac 3 - Culver City 6
TOP OF THE 7TH
Balzac Rams batting - Pitching for Culver City Extras : LHP Marcos Ortíz
Now at 1B: Tony Smith
Batting: RHB Gunner Allen 0-0: Called Strike
0-1: Fly out, F7 (Flyball, 7)
Batting: LHB Troy Jackson 0-0: Ball
1-0: Called Strike
1-1: Ball
2-1: Foul Ball, location: 2F
2-2: Strikes out looking
Batting: RHB Santiago Rivera 0-0: Called Strike
0-1: Ball
1-1: SOLO HOME RUN (Flyball, 7LD), Distance : 315 ft
Batting: RHB Ken Longoria 0-0: Called Strike
0-1: Foul Ball, location: 2F
0-2: Strikes out swinging
Top of the 7th over - 1 run, 1 hit, 0 errors, 0 left on base; Balzac 4 - Culver City 6
BOTTOM OF THE 7TH
Culver City Extras batting - Pitching for Balzac Rams : LHP Edwin Parker
Batting: LHB Jorge Martínez 0-0: Ball
1-0: Ball
2-0: Ball
3-0: Base on Balls
Batting: LHB Buddy Rice 0-0: Called Strike
0-1: Ball
1-1: Ball
2-1: Ball
3-1: Foul Ball, location: 2F
3-2: Base on Balls
Jorge Martínez to second
Pinch Hitting: RHB Horace Johnson 0-0: Called Strike
0-1: Swinging Strike
0-2: Foul Ball, location: 2F
0-2: Strikes out swinging
Batting: RHB Dave Anderson 0-0: Ball
Jorge Martínez steals 3rd base
1-0: SINGLE (Flyball, 9S)
Jorge Martínez scores
Buddy Rice to second
Runner from 2nd tries for 3rd, SAFE, no throw
Batting: RHB Clarence Harrison 0-0: Ball
1-0: Foul Ball, location: 2F
1-1: Ball
2-1: Foul Ball, location: 2F
2-2: Foul Ball, location: 2F
2-2: Fly out, F6 (Popup, 6M)
Batting: RHB Jason McIntosh 0-0: Ball
1-0: Fly out, F9 (Flyball, 9LDF)
Bottom of the 7th over - 1 run, 1 hit, 0 errors, 2 left on base; Balzac 4 - Culver City 7
TOP OF THE 8TH
Balzac Rams batting - Pitching for Culver City Extras : LHP Marcos Ortíz
Now in RF: Ricardo Deleón
Batting: RHB Tommy Wilson 0-0: Swinging Strike
0-1: Foul Ball, location: 2F
0-2: Ball
1-2: Ball
2-2: Ball
3-2: Base on Balls
Batting: SHB Emílio Calvillo 0-0: Grounds into double play, 6-4-3 (Groundball, 6)
Batting: RHB Jason Ward 0-0: Fly out, F8 (Flyball, 8RM)
Top of the 8th over - 0 runs, 0 hits, 0 errors, 0 left on base; Balzac 4 - Culver City 7
BOTTOM OF THE 8TH
Culver City Extras batting - Pitching for Balzac Rams : LHP Edwin Parker
Batting: RHB Robert Koremans 0-0: Ball
1-0: Ball
2-0: SINGLE (Groundball, 4MD)
Batting: LHB Tony Smith 0-0: Ball
1-0: Foul Ball, location: 2F
1-1: Grounds into double play, 4-6-3 (Groundball, 4M)
Batting: RHB Marcos Lińares 0-0: Ball
1-0: Called Strike
1-1: Ball
2-1: Reached on error, E4 (Groundball, 4)
Batting: LHB Jorge Martínez 0-0: Foul Ball, location: 2F
0-1: Ball
1-1: Ground out 4-3 (Groundball, 4S)
Bottom of the 8th over - 0 runs, 1 hit, 1 error, 1 left on base; Balzac 4 - Culver City 7
TOP OF THE 9TH
Balzac Rams batting - Pitching for Culver City Extras : LHP Marcos Ortíz
Pitching: RHP Alejandro Longoria
Batting: RHB Lorenzo Silva 0-0: Swinging Strike
0-1: Swinging Strike
0-2: Ball
1-2: Strikes out swinging
Batting: RHB Ricardo Muńóz 0-0: Ball
1-0: Foul Ball, location: 2F
1-1: Bunt for hit - play at first, batter safe!
Batting: RHB Gunner Allen 0-0: Ball
1-0: Called Strike
1-1: Ball
2-1: Foul Ball, location: 2F
2-2: Ground out 5-3 (Groundball, 56S)
Ricardo Muńóz to second
Batting: LHB Troy Jackson 0-0: Ball
1-0: Ball
2-0: Ball
3-0: Called Strike
3-1: Called Strike
3-2: Strikes out swinging
Top of the 9th over - 0 runs, 1 hit, 0 errors, 1 left on base; Balzac 4 - Culver City 7
Saturday, December 16th, 2017 - OOTP Baseball 18.8 Build 76